Map: Prion Terraces

Players

ClsClassiC

  • Race: Terran Terran
  • League: Diamond

Fullmetal - Winner!

  • Race: Terran Terran
  • League: Master

VOD

Have the link to the VOD?

Description

Time

  • Played on: Nov. 16, 2015, 9:31 p.m.
  • Length: 12:25
Show
View Real Time Build Order
Export as new Build Order

ClsClassiC Terran 

Build Orders: Mech 

Get SALT Encoding   

  12  0:01  SCV  
  13  0:13  SCV  
  14  0:22  Supply Depot  
  14  0:25  SCV  
  15  0:44  SCV  
  15  0:48  Barracks  
  16  0:54  Refinery  
  16  0:56  SCV  
  17  0:57  Refinery  
  17  1:08  SCV  
  18  1:20  SCV  
  19  1:32  SCV  
  20  1:35  Barracks Tech Lab  
  20  1:45  Orbital Command  
  20  1:46  Supply Depot  
  20  1:51  Factory  
  20  1:54  Reaper  
  21  2:13  SCV  
  22  2:25  SCV  
  22  2:27  Marauder  
  22  2:29  Supply Depot  
  25  2:38  Hellion  
  25  2:39  SCV  
  27  2:48  Marauder  
  27  2:51  SCV  
  29  3:00  Concussive Shells  
  29  3:01  Widow Mine  
  29  3:03  SCV  
  32  3:07  Starport  
  32  3:11  Supply Depot  
  32  3:15  SCV  
  33  3:27  SCV  
  34  3:34  Widow Mine  
  34  3:35  Marauder  
  34  3:38  Engineering Bay  
  34  3:39  SCV  
  39  3:51  SCV  
  40  4:03  SCV  
  41  4:15  SCV  
  42  4:22  Command Center  
  42  4:28  SCV  
  42  4:31  Banshee  
  44  4:44  SCV  
  43  4:45  Cloaking Field  
  43  4:46  Factory Reactor  
  43  4:48  Barracks Tech Lab  
  43  4:56  SCV  
  44  5:08  SCV, Marauder  
  47  5:23  Supply Depot  
  47  5:27  Command Center  
  47  5:33  SCV, Medivac  
  47  5:34  Refinery x2  
  50  5:37  Widow Mine  
  50  5:38  Widow Mine  
  54  5:48  SCV  
  55  6:00  SCV, Factory  
  55  6:02  Armory  
  56  6:13  SCV  
  56  6:16  Orbital Command  
  57  6:22  Banshee  
  57  6:23  Widow Mine  
  59  6:54  Widow Mine x2  
  59  6:56  Factory Tech Lab  
  63  7:11  Banshee  
  63  7:15  SCV  
  65  7:16  Siege Tank, Marauder  
  65  7:18  Factory  
  65  7:19  Factory, Orbital Command, Terran Vehicle Weapons Level 1  
  65  7:22  SCV  
  71  7:27  SCV  
  72  7:34  SCV, Widow Mine  
  72  7:35  Widow Mine  
  77  7:39  SCV  
  78  7:46  SCV  
  78  7:48  Siege Tank  
  80  8:00  SCV x3  
  80  8:04  Hellion  
  85  8:06  Factory  
  85  8:13  SCV, Banshee  
  84  8:23  SCV  
  85  8:28  SCV x2  
  85  8:30  Hellion  
  83  8:35  SCV  
  84  8:43  Factory Tech Lab  
  84  8:44  Factory Tech Lab, Siege Tank  
  84  8:47  Factory  
  84  8:48  Factory  
  87  8:57  Supply Depot  
  87  8:58  SCV x2  
  87  8:59  SCV  
  90  9:02  Refinery  
  90  9:05  Refinery  
  90  9:10  SCV x2  
  90  9:11  SCV, Factory Reactor  
  93  9:22  SCV  
  93  9:23  SCV x2  
  91  9:27  Banshee  
  91  9:28  Siege Tank x2  
  100  9:35  Supply Depot  
  100  9:36  Supply Depot  
  100  9:37  Supply Depot  
  100  9:43  Factory Reactor  
  100  9:49  Widow Mine  
  100  9:50  Hellion  
  101  9:55  Hellion  
  101  9:57  Hellion x3  
  101  9:58  SCV x3  
  109  10:00  Siege Tank x2  
  115  10:10  SCV x2  
  115  10:11  Hellion  
  109  10:18  Hellion, Siege Tank  
  100  10:22  Hellion x3  
  100  10:23  Hellion x2  
  100  10:28  Banshee  
  98  10:32  Siege Tank  
  98  10:33  Hellion x2  
  98  10:34  SCV  
  103  10:40  Supply Depot  
  99  10:47  Hellion x4  
  99  10:48  Hellion  
  99  10:49  Hellion  
  100  10:59  Hellion x3  
  100  11:03  Infernal Pre-Igniter  
  106  11:08  Hellion  
  106  11:10  SCV  
  65  11:46  Hellion x10  
  71  12:00  SCV x2  
  62  12:12  SCV  
Show
View Real Time Build Order
Export as new Build Order

Fullmetal Terran - Winner!

Build Orders: Reaper Expand, Bio Tank 

Get SALT Encoding   

  12  0:01  SCV  
  13  0:13  SCV  
  14  0:17  Supply Depot  
  14  0:25  SCV  
  15  0:39  SCV  
  15  0:41  Barracks  
  16  0:45  Refinery  
  16  0:51  SCV  
  17  1:03  SCV  
  18  1:15  SCV  
  19  1:27  Orbital Command  
  19  1:28  Reaper  
  20  1:44  Command Center  
  20  1:54  SCV  
  20  1:56  Supply Depot  
  21  2:07  SCV  
  22  2:09  Barracks Reactor  
  22  2:11  Refinery  
  22  2:19  SCV  
  23  2:23  Factory  
  23  2:31  SCV  
  23  2:43  SCV  
  24  2:53  Marine x2  
  24  2:56  SCV  
  26  3:02  Orbital Command  
  26  3:08  Starport  
  26  3:12  SCV  
  27  3:13  Marine x2  
  27  3:14  Factory Tech Lab  
  27  3:30  SCV x2  
  27  3:32  Marine x2  
  31  3:36  Siege Tank  
  34  3:42  SCV x2  
  36  3:54  SCV, Marine x2  
  38  3:55  Viking  
  38  4:02  SCV  
  40  4:09  SCV  
  41  4:13  Marine x2  
  41  4:14  SCV  
  44  4:20  Barracks x2  
  44  4:22  SCV, Refinery  
  45  4:26  Supply Depot  
  44  4:38  Siege Tank  
  42  4:40  Marine  
  42  4:41  Marine  
  42  4:42  Starport Reactor  
  42  4:43  SCV  
  44  4:50  Supply Depot  
  44  4:51  Engineering Bay  
  44  4:52  SCV  
  45  4:55  SCV  
  45  4:58  Marine x2  
  48  5:04  SCV  
  49  5:08  Barracks Tech Lab  
  49  5:09  Barracks Tech Lab  
  49  5:12  Cyclone  
  49  5:13  SCV  
  53  5:16  SCV, Marine x2  
  53  5:20  Viking  
  58  5:25  SCV  
  61  5:29  Supply Depot  
  61  5:31  Stimpack, Marine  
  61  5:32  Marine  
  61  5:36  Combat Shields  
  61  5:38  SCV  
  62  5:47  Supply Depot  
  62  5:49  Terran Infantry Weapons Level 1  
  62  5:51  SCV  
  62  5:56  Marine x2  
  65  5:58  Marine x2  
  65  6:01  Supply Depot  
  67  6:06  SCV  
  67  6:09  Medivac  
  67  6:15  SCV, Marine  
  67  6:16  Marine  
  70  6:20  Siege Tank  
  70  6:24  Marine x2  
  75  6:27  Medivac  
  75  6:30  SCV  
  74  6:41  SCV  
  74  6:42  Marine x2  
  76  6:49  SCV  
  76  6:51  Supply Depot  
  76  6:53  SCV, Marine x2  
  80  6:55  Medivac  
  80  7:01  SCV  
  83  7:07  SCV  
  83  7:11  Marine x2  
  83  7:14  Siege Tank  
  88  7:17  Marine x2  
  88  7:19  Medivac  
  92  7:29  Marine x2  
  94  7:32  Refinery  
  94  7:36  Supply Depot  
  94  7:37  SCV x2  
  94  7:38  Supply Depot  
  94  7:43  Terran Infantry Armor Level 1  
  94  7:57  Siege Tank, Marine x3  
  100  7:59  Supply Depot  
  100  8:00  SCV x2  
  100  8:01  Marine  
  92  8:15  Marine x3  
  92  8:19  Marine  
  84  8:32  Marine  
  84  8:33  Marine x2  
  86  8:37  Marine  
  86  8:38  Barracks  
  86  8:40  SCV x2  
  89  8:41  Barracks  
  89  8:44  Command Center, Medivac  
  91  8:52  SCV  
  91  8:53  Marine, Medivac  
  91  8:54  Marine  
  96  8:59  Siege Tank  
  96  9:01  Marine  
  100  9:03  Marine  
  100  9:06  SCV x2  
  103  9:11  Supply Depot, Marine  
  103  9:18  SCV, Armory  
  101  9:24  Marine x2  
  101  9:28  Missile Turret x2  
  101  9:30  Barracks Reactor  
  103  9:31  Marine x2  
  104  9:39  Siege Tank, Marine  
  104  9:42  Marine  
  109  9:48  Barracks Reactor  
  109  9:49  Marine  
  107  9:54  Marine  
  107  9:57  Marine  
  109  10:01  Marine  
  110  10:07  Marine  
  110  10:11  Siege Tank  
  110  10:15  Marine x2  
  110  10:20  Marine  
  94  10:23  Marine x2  
  94  10:25  Marine x2  
  94  10:28  Marine  
  94  10:33  Marine  
  90  10:40  Marine x2  
  90  10:41  Marine  
  92  10:43  Siege Tank, Marine x2  
  92  10:49  Missile Turret  
  93  10:50  Marine  
  93  10:52  Marine x2  
  93  10:53  Medivac x2  
  97  10:58  Marine  
  97  11:01  Concussive Shells  
  94  11:04  Orbital Command  
  92  11:05  Marine  
  92  11:06  Marine  
  92  11:09  Marauder  
  92  11:10  Marauder  
  92  11:11  Marine x2  
  98  11:12  Starport  
  98  11:15  SCV  
  101  11:30  Marauder  
  88  11:33  Marine x3  
  88  11:35  SCV  
  88  11:36  Marauder, Marine  
  90  11:44  Marine x2  
  90  11:48  Siege Tank  
  90  11:51  Marauder, Marine x2  
  103  11:56  Starport Reactor  
  103  11:58  Marauder  
  103  11:59  Barracks  
  103  12:01  Barracks  
  105  12:03  Barracks, Marine  
  105  12:04  Marine  
  105  12:08  Engineering Bay  
Tags
 
Add a new tag
Caveats
  • Supply blocks, unpowered buildings, or Contaminate may cause inaccurate times.
  • Supply counts are checked every 10 seconds.